 Dungeon Crawl Stone Soup version 0.27-a0-637-g3a9f0a9c12 (webtiles) character file.

Game seed: 147232454016020604

10299 porpoise the Basher (level 11, -3/71 HPs)
             Began as a Gargoyle Monk on Mar 15, 2021.
             Was a High Priest of the Shining One.
             Slain by a skeletal warrior
             ... wielding a +0 short sword of flaming
             ... led by a skeletal warrior
              (8 damage)
             ... on level 10 of the Dungeon.
             The game lasted 00:40:39 (12191 turns).

porpoise the Basher (Gargoyle Monk)                Turns: 12191, Time: 00:40:40

Health: -3/71      AC: 21    Str: 24    XL:     11   Next: 59%
Magic:  15/15      EV: 10    Int: 11    God:    the Shining One [*****.]
Gold:   82         SH:  0    Dex: 12    Spells: 10/10 levels left

rFire    . . .     SeeInvis +   a - +0 morningstar
rCold    . . .     Faith    .   (no shield)
rNeg     + + +     Spirit   .   l - +0 chain mail
rPois    ∞         Reflect  .   (no helmet)
rElec    +         Harm     .   c - +0 cloak
rCorr    .         Rampage  .   (no gloves)
Will     .....                  B - +0 pair of boots
Stlth    ..........             I - amulet of magic regeneration
HPRegen  0.21/turn              u - ring of see invisible
MPRegen  0.39/turn              H - +6 ring of strength

@: glowing
A: AC +8, negative energy resistance 1, electricity resistance, torment
resistance 1, unbreathing 1, petrification resistance
a: Renounce Religion, Divine Shield, Cleansing Flame, Summon Divine Warrior


You were on level 10 of the Dungeon.
You worshipped the Shining One.
The Shining One was extremely pleased with you.
You visited 1 branch of the dungeon, and saw 11 of its levels.

You collected 455 gold pieces.
You spent 373 gold pieces at shops.

Inventory:

Hand Weapons
 a - a +0 morningstar (weapon)
 b - a +4 hunting sling
 J - a +0 hand crossbow
Missiles
 e - 487 stones
 n - 3 curare-tipped darts
 r - 6 datura-tipped darts
 s - 180 bolts
 v - 31 poisoned darts (quivered)
 y - 34 sling bullets
 C - 9 atropa-tipped darts
 E - 2 throwing nets
 G - 20 boomerangs
 L - 4 javelins
Armour
 c - a +0 cloak (worn)
 l - a +0 chain mail (worn)
 B - a +0 pair of boots (worn)
 O - +0 steam dragon scales
Jewellery
 u - a ring of see invisible (right hand)
 w - an amulet of the acrobat
 H - a +6 ring of strength (left hand)
 I - an amulet of magic regeneration (around neck)
Wands
 m - a wand of polymorph (11)
 A - a wand of flame (12)
 F - a wand of acid (1)
 P - a wand of charming (3)
 Q - a wand of digging (3)
Scrolls
 d - a scroll of immolation
 f - 2 scrolls of amnesia
 i - a scroll of teleportation
 j - a scroll of enchant weapon
 k - a scroll of fog
 t - 3 scrolls of magic mapping
 K - a scroll of acquirement {unknown}
 M - a scroll of fear
 S - a scroll of silence {unknown}
 T - a scroll of enchant armour {unknown}
Potions
 g - 2 potions of flight
 h - 2 potions of attraction
 o - 2 potions of resistance
 p - 4 potions of mutation
 q - 2 potions of curing
 x - 2 potions of lignification
 z - a potion of might {unknown}
 D - 2 potions of cancellation
 N - a potion of degeneration {unknown}
 R - a potion of berserk rage {unknown}
 U - a potion of haste {unknown}


   Skills:
 - Level 9.0 Fighting
 + Level 12.0 Maces & Flails
 - Level 7.0 Armour
 + Level 5.5 Dodging
 - Level 2.1 Stealth
 + Level 6.5 Invocations
 - Level 3.0 Evocations


You had 10 spell levels left.
You didn't know any spells.
Your spell library contained the following spells:

 Spells                   Type           Power      Damage    Failure   Level
 Magic Dart               Conj           0%         1d3       91%         1
 Summon Small Mammal      Summ           0%         N/A       91%         1
 Call Imp                 Summ           0%         N/A       97%         2
 Poisonous Vapours        Pois/Air       0%         N/A       97%         2
 Searing Ray              Conj           0%         3d3       97%         2
 Call Canine Familiar     Summ           0%         N/A       100%        3
 Conjure Flame            Conj/Fire      0%         6-21      100%        3
 Dazzling Flash           Conj/Hex       0%         N/A       100%        3
 Mephitic Cloud           Conj/Pois/Air  0%         N/A       100%        3
 Summon Guardian Golem    Hex/Summ       0%         N/A       100%        3
 Fulminant Prism          Conj/Hex       0%         3d6       100%        4
 Iskenderun's Mystic Bla  Conj/Tloc      0%         2d3       100%        4
 Summon Ice Beast         Ice/Summ       0%         N/A       100%        4
 Summon Lightning Spire   Summ/Air       0%         N/A       100%        4
 Freezing Cloud           Conj/Ice/Air   0%         6-21      100%        6


Dungeon Overview and Level Annotations

Branches:
Dungeon (11/15)            Temple (0/1) D:7            Lair (0/6) D:11
    Orc (0/2) D:9

Altars:
Cheibriados
Okawaru
Ru
Sif Muna
Yredelemnul
The Shining One

Shops:
D:7 (   D:9 !*(*

Annotations:
D:7 2 transporters, 1 runed translucent door, spiderkeys's ghost, novice MiBe


Innate Abilities, Weirdness & Mutations

Your stone body is resilient. (AC +8)
You are immune to poison.
You resist negative energy. (rN+)
You are resistant to electric shocks. (rElec)
You are resistant to unholy torment.
You can survive without breathing.
You are immune to petrification.


Message History

The sling bullet hits the skeletal warrior!
The skeletal warrior is heavily damaged.
You shoot a sling bullet.
The sling bullet hits the skeletal warrior but does no damage.
The skeletal warrior is heavily damaged.
You shoot a sling bullet.
The sling bullet hits the skeletal warrior!
The skeletal warrior is heavily damaged.
a - a +0 morningstar (weapon)
You barely miss the skeletal warrior.
The skeletal warrior is heavily damaged.
The skeletal warrior hits you with a +0 short sword of flaming!
The skeletal warrior burns you.
You are too injured to fight recklessly!
You hit the skeletal warrior but do no damage.
The skeletal warrior is heavily damaged.
The skeletal warrior hits you but does no damage.
You hit the skeletal warrior but do no damage.
The skeletal warrior is heavily damaged.
The skeletal warrior hits you but does no damage.
You hit the skeletal warrior.
The skeletal warrior is heavily damaged.
The skeletal warrior hits you with a +0 short sword of flaming!
The skeletal warrior burns you.
* * * LOW HITPOINT WARNING * * *
You hit the skeletal warrior.
The skeletal warrior is heavily damaged.
The skeletal warrior hits you with a +0 short sword of flaming!
* * * LOW HITPOINT WARNING * * *
The skeletal warrior burns you.
* * * LOW HITPOINT WARNING * * *
Your chain mail prevents you from hitting the skeletal warrior.
The skeletal warrior is heavily damaged.
The skeletal warrior closely misses you.
You hit the skeletal warrior but do no damage.
The skeletal warrior is heavily damaged.
You barely miss the skeletal warrior.
The skeletal warrior is heavily damaged.
The skeletal warrior hits you with a +0 short sword of flaming!
You die...

##############....
#............#....
#............#....
#.................
#.................
#.......(.........
#....((...........
#...(........#####
#@z..........# #
########...### ##
#...# #< #...# #.
#...# #. #...# #.
#########...######.
#.......'........+.
#.#######...######.


You could see a skeletal warrior.

Vanquished Creatures
  A two-headed ogre (D:11)
  2 skeletal warriors (D:11)
  An unseen horror (D:11)
  A centaur zombie (D:10)
  A centaur skeleton (D:10)
  Psyche (D:11)
  A troll (D:11)
  A shadow (D:11)
  2 wraiths
  8 yaks
  A steam dragon (D:10)
  3 orc warriors
  A black bear (D:9)
  3 sky beasts
  4 ice beasts
  7 ogres
  A necrophage (D:8)
  4 centaurs
  2 phantoms
  3 kobold brigands
  4 bullfrogs
  A gnoll sergeant (D:10)
  A water moccasin zombie (D:11)
  4 scorpions
  A water moccasin skeleton (D:8)
  9 wights
  8 howler monkeys
  A bullfrog zombie (D:3)
  5 hounds
  A quasit (D:9)
  A gnoll shaman (D:6)
  6 orc priests
  6 jellies
  2 bullfrog skeletons
  2 iguanas
  13 orc wizards
  9 worker ants
  A hound zombie (D:10)
  2 hound skeletons
  A mummy (D:7)
  A howler monkey zombie (D:9)
  14 gnolls
  14 adders
  A howler monkey skeleton (D:11)
  A shadow imp (D:10)
  A white imp (D:9)
  An ufetubus (D:7)
  An ooze (D:4)
  2 adder skeletons
  3 worms
  A dart slug (D:1)
  9 leopard geckos
  27 orcs
  3 giant cockroaches
  3 goblins
  4 hobgoblins
  11 jackals
  7 quokkas
  9 bats
  A jackal skeleton (D:6)
  A jackal zombie (D:8)
  14 kobolds
  A quokka zombie (D:5)
  7 rats
263 creatures vanquished.

Notes
Turn   | Place    | Note
-------+----------+-------------------------------------------
     0 | D:1      | porpoise the Gargoyle Monk began the quest for the Orb.
     0 | D:1      | Reached XP level 1. HP: 14/14 MP: 1/1
   237 | D:1      | Reached XP level 2. HP: 18/19 MP: 2/2
   624 | D:1      | Reached XP level 3. HP: 24/24 MP: 3/3
  1294 | D:2      | Reached XP level 4. HP: 30/30 MP: 4/4
  1334 | D:2      | Reached skill level 4 in Maces & Flails
  1346 | D:2      | Found a faded altar of an unknown god.
  1720 | D:3      | Reached XP level 5. HP: 18/34 MP: 5/5
  1896 | D:3      | Found a glowing golden altar of the Shining One.
  1920 | D:3      | Became a worshipper of the Shining One
  1920 | D:3      | Reached * piety under the Shining One
  1920 | D:3      | Reached ** piety under the Shining One
  1944 | D:3      | Reached skill level 5 in Fighting
  2489 | D:4      | Noticed an ogre
  2496 | D:4      | Killed an ogre
  2497 | D:4      | Reached skill level 5 in Maces & Flails
  2497 | D:4      | Reached XP level 6. HP: 34/41 MP: 6/6
  2976 | D:5      | Entered Level 5 of the Dungeon
  3112 | D:5      | Reached XP level 7. HP: 42/47 MP: 7/7
  3290 | D:5      | Reached skill level 6 in Maces & Flails
  3882 | D:5      | Reached skill level 1 in Armour
  4478 | D:6      | Reached skill level 7 in Maces & Flails
  4478 | D:6      | Reached XP level 8. HP: 53/53 MP: 8/8
  5169 | D:6      | Identified the +0 chain mail of the Slorg {Harm +Inv}
  5564 | D:6      | Reached *** piety under the Shining One
  5613 | D:6      | Reached skill level 8 in Maces & Flails
  5893 | D:7      | Found a shimmering blue altar of Sif Muna.
  5916 | D:7      | Found a transporter.
  5918 | D:7      | Found a runed translucent door.
  5918 | D:7      | Noticed a sixfirhy
  5919 | D:7      | Noticed a vampire
  5920 | D:7      | Found a transporter.
  5920 | D:7      | Noticed spiderkeys's ghost (novice MiBe)
  5921 | D:7      | Noticed a vampire
  6063 | D:7      | Found a staircase to the Ecumenical Temple.
  6108 | D:7      | Reached skill level 5 in Armour
  6277 | D:7      | Found Mouluiw's Antique Weapon Shoppe.
  6331 | D:7      | Reached XP level 9. HP: 35/57 MP: 9/9
  6461 | D:7      | Bought a runed flail for 195 gold pieces
  6917 | D:7      | Reached skill level 9 in Maces & Flails
  6919 | D:7      | Reached **** piety under the Shining One
  7173 | D:7      | Found a snail-covered altar of Cheibriados.
  7844 | D:8      | Found an iron altar of Okawaru.
  7845 | D:8      | Found a snail-covered altar of Cheibriados.
  7994 | D:9      | Found a staircase to the Orcish Mines.
  8000 | D:9      | Found Dynomait's Antique Weapon Shoppe.
  8000 | D:9      | Found Voesingo's Assorted Antiques.
  8053 | D:9      | Reached skill level 5 in Dodging
  8243 | D:9      | Reached skill level 1 in Invocations
  8346 | D:9      | Bought a granite ring for 150 gold pieces
  8445 | D:9      | Reached skill level 10 in Maces & Flails
  8467 | D:9      | Found Wonloop's Distillery.
  8690 | D:9      | Reached XP level 10. HP: 55/64 MP: 10/12
  8776 | D:8      | Reached skill level 1 in Evocations
  8983 | D:9      | Found Maluh's General Store.
  9464 | D:9      | Found a sacrificial altar of Ru.
  9514 | D:9      | Bought a scroll of identify for 28 gold pieces
  9712 | D:10     | Entered Level 10 of the Dungeon
 10060 | D:10     | Reached ***** piety under the Shining One
 10103 | D:10     | Reached skill level 11 in Maces & Flails
 10470 | D:10     | Reached XP level 11. HP: 68/71 MP: 14/14
 10823 | D:11     | Identified the +0 leather armour "Kutabro" {Str+3 Int+4}
 10857 | D:11     | Noticed Psyche
 10865 | D:11     | Killed Psyche
 10995 | D:11     | Reached skill level 5 in Invocations
 11180 | D:11     | Noticed an unseen horror
 11193 | D:11     | Killed an unseen horror
 11382 | D:11     | Found a staircase to the Lair.
 11699 | D:11     | Noticed a skeletal warrior
 11723 | D:11     | Killed a skeletal warrior
 11889 | D:11     | Noticed a skeletal warrior
 11890 | D:11     | Noticed a two-headed ogre
 11891 | D:11     | Noticed a skeletal warrior
 11892 | D:11     | Noticed a skeletal warrior
 11908 | D:11     | Noticed a skeletal warrior
 11914 | D:11     | Killed a skeletal warrior
 11916 | D:11     | Killed a two-headed ogre
 11917 | D:11     | Reached skill level 12 in Maces & Flails
 12191 | D:10     | Slain by a skeletal warrior

Illustrated notes

Levels and vault maps discovered:
D:1:      dpeg_arrival_orchard, layout_loops_ring, minmay_tall_x
D:2:      layout_rooms, chequers_ecumenical_altar_simple_redux
D:3:      layout_loops_ring, tso_metal_star
D:4:      layout_rooms
D:5:      layout_basic, minmay_diced_spiral
D:6:      layout_basic, st_stairs_5
D:7:      cheibrodos_shockbox, layout_cave_pods, kennysheep_little_box,
          minmay_temple_entry_large_hall, serial_column_ruins, column_ruins_hut,
          column_ruins_grid_3, column_ruins_grid_3, column_ruins_open_small,
          column_ruins_columns_T, serial_shops, shop, gammafunk_ghost_mausoleum,
          minmay_misc_feat_columns, chei_slow_surprise
D:8:      layout_basic, chequers_temple_overflow_statue_of_worship
D:9:      layout_gridville, nicolae_ru_path_of_blood, orc_0_dummy, serial_shops,
          shop, shop_statue, shop, shop, bh_walls_and_bars
D:10:     layout_basic
D:11:     layout_long_grid, lair_entry_dummy, grunt_ministairs_3, uniq_psyche

Skill      XL: |  1  2  3  4  5  6  7  8  9 10 11 |
---------------+----------------------------------+-----
Fighting       | 4 5 6 7 9 |  9.0
Maces & Flails | 4 5 7 8 10 11 12 | 12.0
Armour         | 2 5 7 |  7.0
Dodging        | 3 5 |  5.5
Invocations    | 2 4 6 |  6.5
Evocations     | 3 |  3.0
Stealth        | |  2.1

Action                   |  1- 3 |  4- 6 |  7- 9 | 10-12 || total
-------------------------+-------+-------+-------+-------++-------
Melee: Mace              |    66 |    92 |   247 |       ||   405
       Hunting sling     |       |       |     1 |       ||     1
       Morningstar       |       |       |   154 |   225 ||   379
 Fire: Hunting sling     |    17 |    68 |   122 |   115 ||   322
Throw: Dart              |       |       |    15 |     5 ||    20
Evoke: Wand              |       |       |     1 |     3 ||     4
  Use: Scroll            |       |     9 |     3 |     5 ||    17
 Stab: Sleeping          |     1 |       |       |       ||     1
Armor: Robe              |    21 |       |       |       ||    21
       Ring mail         |     5 |     1 |       |       ||     6
       Chain mail        |    15 |    68 |   262 |   124 ||   469
Dodge: Dodged            |    43 |    50 |   143 |    89 ||   325

Table legend: (Time is in decaauts)
 A = Elapsed time spent in this place.
 B = Non-inter-level travel time spent in this place.
 C = Inter-level travel time spent in this place.
 D = Time resting spent in this place.
 E = Time spent auto-exploring this place.
 F = Levels seen in this place.
 G = Mean time per level.
                   A        B        C        D        E       F      G
               +--------+--------+--------+--------+--------+-----+--------+
         Total |  12185 |  11861 |    324 |   2857 |   6526 |  11 | 1107.7 |
       Dungeon |  12185 |  11861 |    324 |   2857 |   6526 |  11 | 1107.7 |
               +--------+--------+--------+--------+--------+-----+--------+

Top non-repeatable levels by time:
     D:9: 1738 daAuts
     D:6: 1543 daAuts
     D:5: 1365 daAuts
     D:7: 1356 daAuts
    D:11: 1141 daAuts
    D:10: 1057 daAuts
     D:8: 988 daAuts
     D:3: 954 daAuts
     D:1: 921 daAuts
     D:2: 588 daAuts
     D:4: 530 daAuts
